 Dungeon Crawl Stone Soup version 0.17.2-1-ge4368a0 (webtiles) character file.

107868 Goblin1989 the Stickfighter (level 16, -14/129 HPs)
             Began as a Demonspawn Monk on May 2, 2017.
             Was an Initiate of Gozag.
             Killed from afar by Roxanne (40 damage)
             ... with an orb of energy
             ... on level 2 of the Swamp on May 3, 2017.
             The game lasted 02:05:03 (32848 turns).

Goblin1989 the Stickfighter (Demonspawn Monk)      Turns: 32848, Time: 02:05:03

Health: -14/129    AC: 23    Str: 19    XL:     16   Next: 1%
Magic:  17/17      EV: 18    Int:  9    God:    Gozag
Gold:   2090       SH:  4    Dex: 18    Spells: 2 memorised, 6 levels left

rFire  + . .     SeeInvis .     a - +9 quarterstaff of the Suns {crush, rC+ Int-3 Stlth+}
rCold  + + .     Clarity  .     X - +3 scale mail "Othec" {rPois rC+}
rNeg   . . .     SustAt   .     (shield currently unavailable)
rPois  +         Gourm    .     (helmet unavailable)
rElec  .         Spirit   .     z - +0 cloak
rCorr  .         Warding  .     K - +1 pair of gloves {Dex+3}
rMut   .         Stasis   .     g - +2 pair of boots {Fly}
MR     ++...                    (no amulet)
Stlth  ++++......               f - ring of protection from fire
                                m - ring of protection from magic

@: flying, very resistant to hostile enchantments, stealthy
A: horns 3, large bone plates 3, demonic guardian 2, nightstalker 2
a: Potion Petition, Call Merchant, Bribe Branch, Renounce Religion, Stop Flying


You were on level 2 of the Swamp.
You worshipped Gozag.
Gozag was noncommittal.
You were not hungry.

You visited 5 branches of the dungeon, and saw 27 of its levels.
You also visited: Volcano.

You collected 11874 gold pieces.
You spent 2891 gold pieces at shops.
You paid 6893 gold pieces to Gozag.

Inventory:

Hand Weapons
 a - the +9 quarterstaff of the Suns (weapon) {crush, rC+ Int-3 Stlth+}
   (You found it on level 5 of the Dungeon)

   It inflicts extra damage upon your enemies.
   It affects your intelligence (-3).
   It protects you from cold.
   It makes you more stealthy.
Missiles
 A - 2 tomahawks of dispersal (quivered)
 Z - a throwing net {!d, =f}
Armour
 g - a +2 pair of boots of flying (worn)
 z - a +0 cloak (worn)
 K - a +1 pair of gloves of dexterity (worn)
 V - the +0 chain mail "Balerr" {+Fly rCorr}
   (You bought it in a shop on level 1 of the Snake Pit)

   It lets you fly.
   It protects you from acid and corrosion.
 X - the +3 scale mail "Othec" (worn) {rPois rC+}
   (You found it on level 8 of the Lair of Beasts)

   It protects you from cold.
   It protects you from poison.
Rods
 b - a +0 lightning rod (14/14)
   (You found it on level 3 of the Lair of Beasts)
Jewellery
 f - a ring of protection from fire (right hand)
 m - a ring of protection from magic (left hand)
 s - a ring of see invisible
 I - the ring "Loceu" {Wiz Str-4 Int+3}
   (You took it off an orc on level 3 of the Orcish Mines)

   [ring of wizardry]

   It improves your spell success rate.
   It affects your strength (-4).
   It affects your intelligence (+3).
 L - a ring of sustain attributes
 O - a ring of positive energy
Wands
 h - a wand of teleportation (8) {@v3, !v}
 u - a wand of digging (15)
 E - a wand of invisibility (1)
 N - a wand of hasting (2) {@v2, !v}
Scrolls
 c - 6 scrolls of remove curse {@r2}
 d - 4 scrolls of immolation
 l - 4 scrolls of fear
 p - a scroll of recharging
 v - 3 scrolls of enchant weapon
 y - 2 scrolls of silence
 B - a scroll of blinking
 F - 2 scrolls of enchant armour
 M - 2 scrolls of magic mapping
 R - 3 scrolls of identify {@r1}
 T - 8 scrolls of teleportation {!r, @r3}
 W - a scroll of fog
Potions
 i - 8 potions of curing {@q1}
 j - 2 potions of berserk rage
 n - 2 potions of cancellation
 o - 5 potions of heal wounds {@q2, !q}
 q - 2 potions of resistance
 r - a potion of might
 t - 4 potions of agility
 x - 7 potions of flight
 D - a potion of haste
Books
 Q - a book of Enchantments

   Spells                             Type                      Level
   a - Cause Fear                     Hexes                        4
   b - Silence                        Hexes/Air                    5
   c - Deflect Missiles               Charms/Air                   6
   d - Haste                          Charms                       6
   e - Discord                        Hexes                        8
 S - an Akashic Record

   Spells                             Type                      Level
   a - Dispersal                      Translocation                6
   b - Malign Gateway                 Summoning/Translocation      7
   c - Disjunction                    Translocation                8
   d - Controlled Blink               Translocation                8
 U - a Grand Grimoire

   Spells                             Type                      Level
   a - Monstrous Menagerie            Summoning                    6
   b - Summon Greater Demon           Summoning                    7
   c - Malign Gateway                 Summoning/Translocation      7
   d - Summon Horrible Things         Summoning                    8
Miscellaneous
 w - 2 phantom mirrors
 H - a phial of floods
 J - a stone of tremors
Comestibles
 e - 2 bread rations {@e1}
 k - 3 beef jerkies
 C - 2 slices of pizza
 G - 2 meat rations {@e2}
 P - 2 royal jellies
 Y - 4 fruits


   Skills:
 + Level 12.9 Fighting
 + Level 15.7 Staves
 - Level 11.6 Armour
 * Level 12.3 Dodging
 - Level 1.7 Stealth
 - Level 6.9 Unarmed Combat
 + Level 2.4 Evocations


You had 6 spell levels left.
You knew the following spells:

 Your Spells              Type           Power        Failure   Level  Hunger
H - Haste                 Chrm           #.......     100%        6    #######
R - Regeneration          Chrm/Necr      #.........   100%        3    ####...


Dungeon Overview and Level Annotations

Branches:
Dungeon (11/15)            Temple (0/1) D:6            Lair (8/8) D:10
  Swamp (2/4) Lair:3        Snake (2/4) Lair:3        Slime (0/6) Lair:6
    Orc (4/4) D:11            Elf (0/3) Orc:3

Altars:
Ashenzari
Cheibriados
Gozag
Kikubaaqudgha
Makhleb
Nemelex Xobeh
Sif Muna
Vehumet
Xom
Yredelemnul
The Shining One
Beogh
Jiyva

Shops:
D:8 (   Orc:4 :}!(   Lair:3 }**   Lair:8 [*   Snake:1 *

Annotations:
Lair:1 exclusion: oklob plant
Swamp:2 exclusion: Roxanne, Roxanne
Snake:2 Frances


Innate Abilities, Weirdness & Mutations

You have a pair of large horns on your head.
You are completely covered in large bone plates (AC +4, SH +4).
A demonic guardian rushes to your aid.
You are significantly more attuned to the shadows.


Message History

r - Retreat! s - Stop attacking. w - Wait here. f - Follow me.
Anything else - Stay silent.
Gang up on whom?
Press: ? - help, Dir - move target cursor, f - Roxanne
Aim: Roxanne Attack!
Your smoke demon hits Roxanne.
Your smoke demon hits Roxanne but does no damage. x2
Roxanne mumbles some strange words.
The iron shot hits your smoke demon.
Your smoke demon dies!
Roxanne casts a spell.
The orb of energy hits you!
The orb of energy explodes!
You take 42 damage, and have 72/129 hp.
MASSIVE DAMAGE!!
Roxanne casts a spell.
The iron shot misses you.
You sock Roxanne!
Roxanne is lightly damaged.
You hit Roxanne but do no damage.
Roxanne is lightly damaged.
Roxanne mumbles some strange words.
You blink.
Roxanne mumbles some strange words.
The bolt of magma misses you.
The tree smolders and burns.
The swamp worm bites you but does no damage.
Roxanne casts a spell.
The crystal spear hits you!
* * * LOW HITPOINT WARNING * * *
You take 32 damage, and have 42/129 hp.
MASSIVE DAMAGE!!
The swamp worm bites you but does no damage.
You sock Roxanne! You headbutt Roxanne, but do no damage.
Roxanne is moderately damaged.
You sock Roxanne! You headbutt Roxanne, but do no damage.
Roxanne is moderately damaged.
The swamp worm bites you but does no damage.
You hit Roxanne but do no damage. You headbutt Roxanne.
Roxanne is moderately damaged.
The swamp worm misses you.
Roxanne casts a spell.
The iron shot misses you.
The iron shot misses the swamp worm.
You thump Roxanne! You headbutt Roxanne, but do no damage.
Roxanne is heavily damaged.
You hit Roxanne but do no damage. You headbutt Roxanne, but do no damage.
Roxanne is heavily damaged.
The swamp worm closely misses you.
You bludgeon Roxanne!!
Roxanne is heavily damaged.
The swamp worm completely misses you.
You sock Roxanne! You headbutt Roxanne, but do no damage.
Roxanne is severely damaged.
The swamp worm bites you but does no damage.
You hit Roxanne.
Roxanne is severely damaged.
You hit Roxanne but do no damage. You headbutt Roxanne.
Roxanne is severely damaged.
The swamp worm bites you but does no damage.
Unknown command.
You hit Roxanne but do no damage. You headbutt Roxanne, but do no damage.
Roxanne is severely damaged.
You block the swamp worm's attack.
You bludgeon Roxanne!! You headbutt Roxanne.
Roxanne is almost destroyed.
You hit Roxanne but do no damage.
Roxanne is almost destroyed.
The swamp worm bites you.
* * * LOW HITPOINT WARNING * * *
You take 5 damage, and have 39/129 hp.
You hit Roxanne.
Roxanne is almost destroyed.
You block the swamp worm's attack.
Roxanne asks, "Say, could you scratch my back for me?"
Unknown command.
You hit Roxanne but do no damage. You headbutt Roxanne, but do no damage.
Roxanne is almost destroyed.
You hit Roxanne but do no damage. You headbutt Roxanne, but do no damage.
Roxanne is almost destroyed.
The swamp worm bites you but does no damage.
Unknown command.
You hit Roxanne but do no damage. You headbutt Roxanne, but do no damage.
Roxanne is almost destroyed.
The swamp worm completely misses you.
You hit Roxanne but do no damage.
Roxanne is almost destroyed.
Roxanne casts a spell.
You blink.
Roxanne casts a spell.
You blink.
Roxanne casts a spell.
You blink.
An alligator comes into view.
Roxanne mumbles some strange words.
The bolt of magma hits you! You partially resist.
* * * LOW HITPOINT WARNING * * *
The alligator puts on a burst of speed!
You take 16 damage, and have 26/129 hp.
Roxanne mumbles some strange words.
The orb of energy hits you!
You die...
Your body crumbles into a pile of gold.

..♣.≈≈.≈≈.♣
♣..♣
♣...≈≈≈≈≈.≈≈.♣
♣.≈♣
♣.≈≈≈.≈.≈..≈§♣♣
♣.≈♣
≈≈≈≈≈.≈≈♣.....♣
♣..♣
.§.≈≈?≈....≈≈.♣
.≈.≈..w...≈≈≈.♣
♣♣≈≈.8.≈≈≈.♣
♣♣.....≈≈≈.♣
♣≈..≈≈@≈≈≈..♣
♣♣♣.≈3§≈≈≈≈.♣
♣≈≈...♣≈..≈
♣.≈.≈.≈≈..≈
♣...≈.♣≈≈♣
♣$.≈≈.≈≈$♣
♣♣≈≈≈≈t≈§≈
♣≈≈..≈.!


You could see Roxanne, a swamp worm and a friendly sun demon.

Vanquished Creatures
  A thorn hunter (Swamp:1)
  2 orc warlords (Orc:3)
  Snorg (Lair:5)
  The ghost of Alipheese the Cleaver, a journeyman NaAE of Makhleb (D:10)
  3 naga warriors (Snake:1)
  14 hydras
  An ice dragon (Lair:8)
  2 catoblepae
  Erica (D:8)
  2 anacondas
  7 death yaks
  3 naga sharpshooters
  3 naga ritualists (Snake:1)
  An unseen horror (D:11)
  The ghost of Alipheese the Fighter, a novice NaAE of Cheibriados (D:5)
  A necromancer (Lair:5)
  3 orc knights (Orc:3)
  3 griffons
  2 lindwurms (Lair:8)
  A hill giant (D:11)
  6 mana vipers
  3 manticores
  7 orc sorcerers
  3 naga magi (Snake:1)
  5 elephants
  2 salamanders (Snake:1)
  12 spiny frogs
  23 black mambas
  A guardian serpent (Snake:2)
  2 molten gargoyles (Volcano)
  6 torpor snails
  8 komodo dragons
  2 trolls
  5 fire drakes
  A queen bee (D:8)
  4 giant leeches
  3 slime creatures (Swamp:1)
  Prince Ribbit (D:8)
  A polar bear (Lair:7)
  19 blink frogs
  5 bog bodies (Swamp:1)
  7 wyverns
  2 spriggans
  3 basilisks
  A hungry ghost (D:10)
  35 yaks
  3 mottled dragons (Volcano)
  A fire bat (Volcano)
  13 hippogriffs
  3 steam dragons
  5 swamp worms (Swamp:1)
  18 wolves
  3 wargs
  2 insubstantial wisps (D:10)
  18 water moccasins
  2 swamp drakes (Swamp:1)
  11 nagas
  3 ice beasts
  Duvessa (D:6)
  2 phantoms
  27 orc warriors
  9 ogres
  6 wasps
  13 porcupines
  4 sky beasts
  A necrophage (D:11)
  An eye of draining (D:8)
  12 crocodiles
  5 centaurs
  5 brain worms (Lair:8)
  2 big kobolds
  12 giant frogs
  Dowan (D:6)
  3 scorpions
  24 killer bees
  2 quasits
  3 wights (D:8)
  5 crimson imps
  A giant frog zombie (D:10)
  6 hounds
  4 jellies
  Crazy Yiuf (D:5)
  A giant frog skeleton (D:9)
  2 centaur skeletons
  3 yak simulacra (Lair:5)
  8 iguanas
  18 orc priests
  35 orc wizards
  2 wolf simulacra (Lair:5)
  8 worker ants
  29 sheep
  5 polar bear simulacra (Lair:5)
  A hound skeleton (D:4)
  A worker ant zombie (D:7)
  2 gnolls (D:11)
  69 river rats
  8 adders
  A shadow imp (D:11)
  2 adder skeletons
  4 adder zombies
  17 worms
  11 giant geckos
  207 orcs
  6 bats
  2 giant cockroaches
  2 goblins
  2 hobgoblins
  6 quokkas
  2 giant gecko skeletons
  4 giant newts
  A jackal (D:5)
  18 kobolds
  A quokka skeleton (D:3)
  5 rats
  A river rat simulacrum (Lair:5)
936 creatures vanquished.

Vanquished Creatures (collateral kills)
  Rupert (Lair:5)
  Asterion (Snake:2)
  The ghost of mopl the Destroyer, an adept DrWz of Sif Muna (Lair:8)
  An orc warlord (Orc:3)
  2 ogre magi (Orc:4)
  Erolcha (Orc:4)
  A catoblepas (Lair:5)
  A hydra (Lair:8)
  2 anacondas (Snake:1)
  A death yak (Lair:5)
  A shock serpent (Snake:1)
  A lindwurm (Lair:8)
  An orc knight (Orc:3)
  A mana viper (Snake:1)
  A cyclops (D:11)
  An orc sorcerer (Orc:4)
  4 black mambas
  2 spiny frogs
  A fire drake (Lair:8)
  A shadow (Swamp:1)
  6 yaks
  A hippogriff (Lair:5)
  5 wolves
  2 wargs (Orc:3)
  3 nagas (Snake:1)
  5 orc warriors (Orc:3)
  A water moccasin (Lair:8)
  A wasp (Lair:3)
  A killer bee (D:8)
  4 orc priests
  A giant frog skeleton (D:5)
  3 orc wizards (Orc:4)
  An iguana (Lair:5)
  2 river rats
  A gnoll (D:11)
  A giant gecko (D:6)
  5 orcs (Orc:3)
  A plant (Lair:8)
70 creatures vanquished.

Vanquished Creatures (others)
  An orc wizard (Orc:4)
  An orc (Orc:4)
  A bush (Lair:8)
  25 fungi
  25 plants
53 creatures vanquished.

Grand Total: 1059 creatures vanquished

Notes
Turn   | Place    | Note
--------------------------------------------------------------
     0 | D:1      | Goblin1989 the Demonspawn Monk began the quest for the Orb.
     0 | D:1      | Reached XP level 1. HP: 18/18 MP: 1/1
   285 | D:1      | Reached skill level 4 in Unarmed Combat
   309 | D:1      | Gained mutation: You are partially covered in large bone plates (AC +2, SH +2). [demonic ancestry]
   309 | D:1      | Reached XP level 2. HP: 21/24 MP: 2/2
  1003 | D:2      | Gained mutation: A weak demonic guardian rushes to your aid. [demonic ancestry]
  1003 | D:2      | Reached XP level 3. HP: 26/29 MP: 3/3
  1022 | D:2      | Found an opulent altar of Gozag.
  1023 | D:2      | Found a shattered altar of Ashenzari.
  1027 | D:2      | Became a worshipper of Gozag Ym Sagoz the Greedy
  1314 | D:2      | Found a radiant altar of Vehumet.
  1622 | D:3      | Reached skill level 5 in Unarmed Combat
  1622 | D:3      | Reached XP level 4. HP: 27/35 MP: 4/4
  1921 | D:3      | You fall through a shaft for 3 floors!
  1927 | D:5      | Entered Level 5 of the Dungeon
  1935 | D:5      | Noticed a centaur
  1950 | D:5      | Killed a centaur
  1950 | D:5      | Reached skill level 6 in Unarmed Combat
  1950 | D:5      | Gained mutation: You are slightly more attuned to the shadows. [demonic ancestry]
  1950 | D:5      | Reached XP level 5. HP: 25/41 MP: 5/5
  2206 | D:5      | Noticed an ice beast
  2277 | D:5      | Got a slimy quarterstaff
  2295 | D:5      | Noticed an ice beast
  2300 | D:5      | Identified the +9 quarterstaff of the Suns {crush, rC+ Int-3 Stlth+} (You found it on level 5 of the Dungeon)
  2306 | D:5      | Killed an ice beast
  2306 | D:5      | Reached XP level 6. HP: 37/47 MP: 6/6
  2428 | D:5      | Reached skill level 1 in Staves
  2639 | D:5      | Noticed Alipheese's ghost (novice NaAE)
  3027 | D:3      | Found a snail-covered altar of Cheibriados.
  3292 | D:4      | Gained mutation: You are mostly covered in large bone plates (AC +3, SH +3). [demonic ancestry]
  3292 | D:4      | Reached XP level 7. HP: 44/52 MP: 7/7
  3565 | D:4      | Found a sparkling altar of Nemelex Xobeh.
  3618 | D:4      | Found a basalt altar of Yredelemnul.
  4394 | D:5      | Reached skill level 1 in Armour
  4412 | D:5      | Killed Alipheese's ghost
  4412 | D:5      | Reached XP level 8. HP: 17/60 MP: 8/8
  4417 | D:5      | Noticed Crazy Yiuf
  4418 | D:5      | Killed an ice beast
  4643 | D:5      | Killed Crazy Yiuf
  4643 | D:5      | Reached skill level 5 in Staves
  4863 | D:6      | Noticed a phantom
  4871 | D:6      | Killed a phantom
  4880 | D:6      | Found a staircase to the Ecumenical Temple.
  4954 | D:6      | Noticed an ice beast
  4964 | D:6      | Killed an ice beast
  5015 | D:6      | Noticed Duvessa
  5026 | D:6      | Noticed Dowan
  5032 | D:6      | Killed Duvessa
  5036 | D:6      | Killed Dowan
  5039 | D:6      | Noticed an ogre
  5046 | D:6      | Killed an ogre
  5080 | D:6      | Found a sparkling altar of Nemelex Xobeh.
  5090 | D:6      | Found a burning altar of Makhleb.
  5091 | D:6      | Found a shimmering altar of Xom.
  5381 | D:6      | Gained mutation: You have a pair of small horns on your head. [demonic ancestry]
  5381 | D:6      | Reached XP level 9. HP: 56/67 MP: 9/9
  5527 | D:6      | Found an ancient bone altar of Kikubaaqudgha.
  5527 | D:6      | Found a deep blue altar of Sif Muna.
  5589 | D:6      | You fall through a shaft for 2 floors!
  5601 | D:8      | Reached skill level 5 in Fighting
  5708 | D:7      | Reached skill level 5 in Dodging
  6146 | D:7      | Reached skill level 7 in Staves
  7017 | D:8      | Noticed Prince Ribbit
  7026 | D:8      | Killed Prince Ribbit
  7026 | D:8      | Reached skill level 5 in Armour
  7026 | D:8      | Reached XP level 10. HP: 45/76 MP: 10/10
  7047 | D:8      | Noticed Erica
  7080 | D:8      | Killed Erica
  7080 | D:8      | Reached skill level 8 in Staves
  7277 | D:8      | Paralysed by an orc for 7 turns
  7291 | D:8      | Paralysed by an orc for 4 turns
  7585 | D:8      | Found a glowing golden altar of the Shining One.
  7590 | D:8      | Found Vietoij's Weapon Boutique.
  8308 | D:9      | Reached skill level 9 in Staves
  8982 | D:10     | Entered Level 10 of the Dungeon
  8999 | D:10     | Noticed Alipheese's ghost (journeyman NaAE)
  9046 | D:10     | Killed Alipheese's ghost
  9352 | D:10     | Found a staircase to the Lair.
  9380 | D:10     | Gained mutation: You have a pair of horns on your head. [demonic ancestry]
  9380 | D:10     | Reached XP level 11. HP: 62/84 MP: 11/11
 10337 | D:11     | Noticed a hill giant
 10343 | D:11     | Killed a hill giant
 10443 | D:11     | Noticed a five-headed hydra
 10451 | D:11     | Killed a five-headed hydra
 10770 | D:11     | Reached skill level 10 in Staves
 10892 | D:11     | Found a staircase to the Orcish Mines.
 10959 | D:11     | Noticed an unseen horror
 10964 | D:11     | Killed an unseen horror
 11051 | D:11     | Noticed a five-headed hydra
 11086 | D:11     | Killed a five-headed hydra
 11432 | Lair:1   | Entered Level 1 of the Lair of Beasts
 12033 | Lair:1   | Found a dark tunnel.
 12043 | Volcano  | Entered a volcano
 12268 | Volcano  | Found a bloodstained altar of Trog.
 12290 | Volcano  | Gained mutation: You are completely covered in large bone plates (AC +4, SH +4). [demonic ancestry]
 12290 | Volcano  | Reached XP level 12. HP: 59/94 MP: 12/12
 12509 | Volcano  | Reached skill level 11 in Staves
 13212 | Lair:2   | Noticed an eight-headed hydra
 13222 | Lair:2   | Killed an eight-headed hydra
 14015 | Lair:2   | Noticed a seven-headed hydra
 14024 | Lair:2   | Killed a seven-headed hydra
 14458 | Lair:3   | Bought a scroll of identify for 66 gold pieces
 14460 | Lair:3   | Bought an ivory wand for 124 gold pieces
 14460 | Lair:3   | Bought a fluorescent wand for 124 gold pieces
 14461 | Lair:3   | Bought a scroll of teleportation for 93 gold pieces
 14461 | Lair:3   | Bought a scroll of teleportation for 93 gold pieces
 14550 | Lair:3   | Found a staircase to the Swamp.
 14651 | Lair:3   | Found a staircase to the Snake Pit.
 14752 | Lair:3   | Noticed a four-headed hydra
 14765 | Lair:3   | Killed a four-headed hydra
 15157 | Lair:3   | Found a runed door.
 15379 | Lair:3   | Noticed a four-headed hydra
 15390 | Lair:3   | Killed a four-headed hydra
 15534 | Lair:4   | Reached skill level 12 in Staves
 16220 | Lair:4   | Reached skill level 10 in Fighting
 16363 | Lair:5   | Noticed Rupert
 16510 | Lair:4   | Gained mutation: A demonic guardian rushes to your aid. [demonic ancestry]
 16510 | Lair:4   | Reached XP level 13. HP: 87/103 MP: 13/13
 16729 | Lair:5   | Noticed a catoblepas
 17061 | Orc:1    | Entered Level 1 of the Orcish Mines
 17456 | Orc:1    | Found a roughly hewn altar of Beogh.
 18891 | Orc:3    | Found a staircase to the Elven Halls.
 18953 | Orc:3    | Noticed an orc warlord
 18993 | Orc:3    | Killed an orc warlord
 19154 | Orc:3    | Noticed an orc warlord
 19205 | Orc:3    | Got a steaming golden ring
 19207 | Orc:3    | Identified the ring "Loceu" {Wiz Str-4 Int+3} (You took it off an orc on level 3 of the Orcish Mines)
 19356 | Orc:3    | Killed an orc warlord
 19969 | Orc:3    | Noticed an orc warlord
 20241 | Orc:3    | Killed an orc warlord
 20241 | Orc:3    | Reached skill level 13 in Staves
 20439 | Orc:3    | Learned a level 3 spell: Regeneration
 20446 | Orc:3    | Learned a level 6 spell: Haste
 20557 | Orc:4    | Entered Level 4 of the Orcish Mines
 21198 | Orc:4    | Found Jano's Book Shop.
 21224 | Orc:4    | Found Onolul's Distillery.
 21248 | Orc:4    | Bought a potion of brilliance for 72 gold pieces
 21248 | Orc:4    | Bought a potion of cancellation for 144 gold pieces
 21248 | Orc:4    | Bought a potion of lignification for 54 gold pieces
 21248 | Orc:4    | Bought a potion of mutation for 45 gold pieces
 21540 | Orc:4    | Found an ancient bone altar of Kikubaaqudgha.
 21550 | Orc:4    | Found Ganeest's Gadget Boutique.
 21773 | Orc:4    | Noticed Erolcha
 21783 | Orc:4    | Killed Erolcha
 21793 | Orc:4    | Found a radiant altar of Vehumet.
 21815 | Orc:4    | Found a roughly hewn altar of Beogh.
 21816 | Orc:4    | Found Vuxoavei's Antique Weapon Shop.
 21832 | Orc:4    | Reached skill level 10 in Armour
 22370 | Lair:5   | Killed Rupert
 22492 | Lair:5   | Noticed a catoblepas
 22532 | Lair:5   | Killed a catoblepas
 22538 | Lair:5   | Killed a catoblepas
 22830 | Lair:5   | Noticed Snorg
 22843 | Lair:5   | Killed Snorg
 22843 | Lair:5   | Gained mutation: You are significantly more attuned to the shadows. [demonic ancestry]
 22843 | Lair:5   | Reached XP level 14. HP: 74/113 MP: 14/14
 22917 | Lair:5   | Reached skill level 10 in Dodging
 24286 | Lair:6   | Reached skill level 14 in Staves
 24500 | Lair:6   | Found a viscous altar of Jiyva.
 24503 | Lair:6   | Found a staircase to the Slime Pits.
 26001 | Lair:8   | Entered Level 8 of the Lair of Beasts
 26045 | Lair:8   | Noticed mopl's ghost (adept DrWz)
 26489 | Lair:8   | Paralysed by mopl's ghost for 7 turns
 26499 | Lair:8   | Killed mopl's ghost
 27033 | Lair:8   | Bought a scroll of identify for 58 gold pieces
 27035 | Lair:8   | Bought a pair of embroidered boots for 144 gold pieces
 27040 | Lair:8   | Bought a pair of glowing gloves for 144 gold pieces
 27050 | Lair:8   | Bought a pair of glowing boots for 144 gold pieces
 27072 | Lair:8   | Bought a shiny plate armour for 736 gold pieces
 27739 | Lair:8   | Gained mutation: You have a pair of large horns on your head. [demonic ancestry]
 27739 | Lair:8   | Reached XP level 15. HP: 91/120 MP: 15/15
 28035 | Lair:8   | Reached skill level 15 in Staves
 28211 | Lair:8   | Found a runed door.
 28364 | Lair:8   | Got a brightly glowing ring mail
 28367 | Lair:8   | Got a transparent scale mail
 28378 | Lair:8   | Identified the +2 ring mail of Duck's Teeth {rCorr Dex+6} (You found it on level 8 of the Lair of Beasts)
 28388 | Lair:8   | Identified the +3 scale mail "Othec" {rPois rC+} (You found it on level 8 of the Lair of Beasts)
 28955 | Snake:1  | Entered Level 1 of the Snake Pit
 30271 | Snake:1  | Bought a bread ration for 70 gold pieces
 30271 | Snake:1  | Bought a beef jerky for 21 gold pieces
 30271 | Snake:1  | Bought a bread ration for 70 gold pieces
 30271 | Snake:1  | Bought a slice of pizza for 21 gold pieces
 30271 | Snake:1  | Bought a beef jerky for 21 gold pieces
 30271 | Snake:1  | Bought 4 fruits for 84 gold pieces
 30271 | Snake:1  | Bought a meat ration for 70 gold pieces
 30271 | Snake:1  | Bought a royal jelly for 28 gold pieces
 30271 | Snake:1  | Bought a beef jerky for 21 gold pieces
 31073 | Snake:2  | Noticed Asterion
 31266 | Snake:2  | Killed Asterion
 31266 | Snake:2  | Reached skill level 1 in Evocations
 31332 | Snake:2  | Noticed Frances
 31346 | Snake:1  | Bought a brightly glowing chain mail for 171 gold pieces
 31346 | Snake:1  | Bought a twisted ivory wand for 72 gold pieces
 31346 | Snake:1  | Bought a scroll of identify for 36 gold pieces
 31357 | Snake:1  | Identified the cursed +0 chain mail "Balerr" {+Fly rCorr} (You bought it in a shop on level 1 of the Snake Pit)
 31405 | Lair:3   | Bought a sapphire ring for 165 gold pieces
 31451 | Swamp:1  | Entered Level 1 of the Swamp
 31744 | Swamp:1  | Noticed a thorn hunter
 31757 | Swamp:1  | Killed a thorn hunter
 32300 | Swamp:1  | Reached XP level 16. HP: 122/129 MP: 17/17
 32814 | Swamp:2  | Noticed Roxanne
 32848 | Swamp:2  | Killed from afar by Roxanne

Action                   |  1- 3 |  4- 6 |  7- 9 | 10-12 | 13-15 | 16-18 || total
-------------------------+-------+-------+-------+-------+-------+-------++-------
Melee: Unarmed           |    98 |    79 |       |       |       |       ||   177
       Dagger            |     5 |       |       |       |       |       ||     5
       Quarterstaff      |       |    55 |   289 |   759 |  1802 |    41 ||  2946
Invok: Call Merchant     |       |       |       |     3 |     4 |       ||     7
       Potion Petition   |       |       |       |       |     2 |       ||     2
Evoke: Wand              |       |       |     1 |     8 |     3 |       ||    12
       Rod               |       |       |       |       |     3 |       ||     3
  Use: Scroll            |       |       |     3 |    19 |    12 |       ||    34
       Potion            |       |       |       |     3 |     1 |       ||     4
 Stab: Sleeping          |     2 |     3 |     8 |       |     5 |       ||    18
       Distracted        |       |     1 |     2 |    10 |    22 |       ||    35
       Invisible         |       |       |       |       |     2 |       ||     2
  Eat: Meat ration       |     1 |     1 |       |     1 |     1 |       ||     4
       Fruit             |       |       |     4 |     3 |    18 |       ||    25
       Bread ration      |       |       |     1 |     1 |     7 |       ||     9
       Pizza             |       |       |     1 |     1 |       |       ||     2
       Royal jelly       |       |       |       |     8 |     1 |       ||     9
       Beef jerky        |       |       |       |     1 |     1 |       ||     2

Vault maps used:
D:1:      co_arrival_hall_of_pillars
D:2:      lemuel_coloured_pillars_altar, gammafunk_temple_overflow_statue
D:3:      cheibriados_altar_1
D:4:      kennysheep_little_box, yredelemnul_altar_generic
D:5:      first_bread, uniq_crazy_yiuf_cottage
D:6:      grunt_temple_overflow_champion_of_chaos,
          gammafunk_temple_overflow_elements, temple_doors_e,
          nemelex_diamond_rough_becter, uniq_duvessa
D:8:      kennysheep_mini_moat, serial_shops, shop_fountains, david_nohive_1,
          uniq_erica, uniq_prince_ribbit1
D:10:     david_lair_shrubbed, hangedman_misty_isle
D:11:     orc_0_dummy
Lair:1:   minmay_lair_oklob_items, lightli_volcano_entry_magma_tube, st_stairs_4
Lair:2:   minivault_11
Lair:3:   swamp_mist, guppyfry_snake_entry_garden, st_stairs_11, pf_torpor_hydra
Lair:5:   beast_lair_carwin_large_1, eino_house_with_fridge,
          lemuel_fruit_fields, uniq_rupert, uniq_snorg
Lair:6:   slime_altar_1
Lair:7:   grunt_forest_large_clearings, grunt_megastairs_2, serial_bayou_shore_b
Lair:8:   hangedman_lair_in_review, wormcave
Swamp:1:  evilmike_swamp_ruin_rubble_1, swamp_pool1,
          nicolae_swamp_feature_on_the_river_bank
Swamp:2:  evilmike_swamp_ruin_house_1, uniq_roxanne
Snake:1:  serial_bayou_shore_b, grunt_megastairs_5
Snake:2:  uniq_asterion, uniq_frances, uniq_donald, uniq_louise
Orc:1:    basic_altar
Orc:3:    nicolae_orc_pool_cavern, minmay_orc_treasury
Orc:4:    kennysheep_orc_mage_school
Volcano:  volcano_lake
